 Dungeon Crawl Stone Soup version 0.26-a0-190-g75a3d40d47 (console) character file.

Game seed: 2231373429219861733

176 bli the Magician (level 5, -3/29 HPs)
             Began as a Gargoyle Fire Elementalist on July 4, 2020.
             Killed from afar by an orc wizard (9 damage)
             ... with a magic dart
             ... on level 3 of the Dungeon.
             The game lasted 00:10:34 (2577 turns).

bli the Magician (Gargoyle Fire Elementalist)       Turns: 2577, Time: 00:10:35

Health: -3/29      AC: 11    Str:  7    XL:     5   Next: 56%
Magic:  8/10       EV: 12    Int: 17    God:
Gold:   157        SH:  0    Dex: 10    Spells: 6/11 levels left

rFire    . . .     SeeInvis .   n - +2 dagger (venom)
rCold    . . .     Faith    .   (no shield)
rNeg     + . .     Spirit   .   a - +0 robe
rPois    ∞         Reflect  .   r - +2 helmet
rElec    +         Harm     .   (no cloak)
rCorr    .                      b - +1 pair of gloves
MR       .....                  (no boots)
Stlth    ++........             (no amulet)
HPRegen  0.09/turn              g - -4 ring of strength (curse)
MPRegen  0.12/turn              (no ring)

@: slowed, very slow
A: negative energy resistance 1, electricity resistance, unbreathing,
petrification resistance, rot immunity, AC +4
a: no special abilities


You were on level 3 of the Dungeon.
You were hungry.

You visited 1 branch of the dungeon, and saw 4 of its levels.

You collected 157 gold pieces.

Inventory:

Hand Weapons
 j - a +0 club
 n - a +2 dagger of venom (weapon)
 t - a +0 flail
 y - a +0 mace
 A - a +0 fustibalus
 D - a +0 quarterstaff
Missiles
 f - 91 stones (quivered)
Armour
 a - a +0 robe (worn)
 b - a +1 pair of gloves (worn)
 e - a +0 ring mail
 l - a +0 leather armour
 r - a +2 helmet (worn)
 x - a +0 scale mail
Jewellery
 g - a cursed -4 ring of strength (left hand)
Scrolls
 k - 2 scrolls of immolation {unknown}
 m - 3 scrolls of identify {unknown}
 p - a scroll of remove curse {unknown}
 s - a scroll of fog {unknown}
 w - a scroll of noise {unknown}
 z - a scroll of teleportation {unknown}
 B - a scroll of fear {unknown}
 C - 2 scrolls of blinking {unknown}
Potions
 d - a potion of flight {unknown}
 h - a potion of haste {unknown}
 i - 2 potions of lignification {unknown}
 o - a potion of degeneration {unknown}
 q - 2 potions of curing {unknown}
 u - a potion of berserk rage {unknown}
 v - a potion of might {unknown}
Comestibles
 c - 6 rations


   Skills:
 * Level 1.0 Fighting
 + Level 2.7 Dodging
 - Level 2.1 Stealth
 * Level 3.8 Spellcasting
 + Level 2.2 Conjurations
 + Level 3.2 Fire Magic


You had 6 spell levels left.
You knew the following spells:

 Your Spells              Type           Power        Failure   Level  Hunger
a - Foxfire               Conj/Fire      ##..         5%          1    None
s - Sticky Flame          Conj/Fire      ##......     45%         4    ####...

Your spell library contained the following spells:

 Spells                   Type           Power        Failure   Level  Hunger
 Conjure Flame            Conj/Fire      ##......     16%         3    ###....
 Inner Flame              Hex/Fire       #.......     26%         3    ###....
 Confusing Touch          Hex            #.......     43%         3    ###....
 Gell's Gravitas          Tloc           #.........   43%         3    ###....
 Fireball                 Conj/Fire      ##........   82%         5    ######.
 Petrify                  Tmut/Erth      #.......     85%         4    ####...
 Metabolic Englaciation   Hex/Ice        #.........   99%         5    ######.
 Yara's Violent Unravell  Hex/Tmut       #.........   99%         5    ######.


Dungeon Overview and Level Annotations

Branches:
Dungeon (4/15)
 Temple: D:4-7

Altars:
Elyvilon
Nemelex Xobeh
Sif Muna
Xom


Innate Abilities, Weirdness & Mutations

You are resistant to torment.
Your stone body is resilient. (AC +4)
You are immune to poison.
You resist negative energy. (rN+)
You are resistant to electric shocks. (rElec)
You can survive without breathing.
You are immune to petrification.
You are immune to rotting.


Message History

The adder bites you but does no damage.
You barely miss the adder.
The adder is heavily wounded.
The foxfire hits the orc wizard but does no damage.
The orc hits you but does no damage.
The orc wizard mumbles some strange words.
The orc wizard seems to speed up.
The adder bites you but does no damage. The orc barely misses you.
The orc wizard gestures wildly while chanting.
The orc wizard blinks!
The adder barely misses you.
You hit the orc wizard.
The orc wizard is poisoned.
The orc wizard is moderately wounded.
The orc wizard misses you. The orc wizard closely misses you.
The adder closely misses you. The orc hits you but does no damage.
The orc wizard misses you.
The orc wizard hits you but does no damage.
Casting: Foxfire (safe; 5% risk of failure)
Confirm with . or Enter, or press ? or * to list all spells.
You conjure some foxfire!
The adder barely misses you. The orc wizard casts a spell at you.
The magic dart hits you!
You die...

)#.# #.#...##### .#.#
#.........# ##.#
###.##...##.#
...####.....#..<#.#
...#......#.#...#.###
........#.......#...#
####.###....##..###.#
...#.###.#..#....##.#
......#....###...##.#
.#.#..#....# #.ov##.#
.#....#....# #.o@S#.#
.#.##.#....#####o##.###
......'...............#
.....##...#####...#.#.#
.##..##...####....#.#.#
.......#####......#.#.#
##.#..................#
.#.###.......#....#.#.#
.#.#......####.#..#.#.#
.#.#.......#......#.###
.#.#####............#


You could see 2 orc wizards, an adder and an orc.

Vanquished Creatures
  A hound (D:3)
  4 adders
  3 gnolls (D:2)
  A worm (D:2)
  A leopard gecko (D:2)
  An orc (D:3)
  6 bats
  3 giant cockroaches
  13 goblins
  11 hobgoblins
  7 jackals
  10 kobolds
  A quokka (D:4)
  7 frilled lizards
  7 rats
76 creatures vanquished.

Vanquished Creatures (others)
  70 foxfires
70 creatures vanquished.

Grand Total: 146 creatures vanquished

Notes
Turn   | Place    | Note
-------+----------+-------------------------------------------
     0 | D:1      | bli the Gargoyle Fire Elementalist began the quest for the
                  | Orb.
     0 | D:1      | Reached XP level 1. HP: 10/10 MP: 3/3
   138 | D:1      | Reached XP level 2. HP: 13/15 MP: 0/5
   500 | D:1      | Reached XP level 3. HP: 5/19 MP: 1/7
  1300 | D:2      | Reached XP level 4. HP: 24/24 MP: 8/8
  1791 | D:3      | Learned a level 4 spell: Sticky Flame
  1831 | D:3      | Reached XP level 5. HP: 28/28 MP: 10/10
  2140 | D:3      | Reached skill level 1 in Fighting
  2321 | D:3      | Found a sparkling altar of Nemelex Xobeh.
  2326 | D:3      | Found a white marble altar of Elyvilon.
  2327 | D:3      | Found a shimmering blue altar of Sif Muna.
  2327 | D:3      | Found a shimmering altar of Xom.
  2577 | D:3      | Killed from afar by an orc wizard

Illustrated notes

Levels and vault maps discovered:
D:1:      lemuel_arrival_muddy, layout_basic
D:2:      layout_loops_ring, first_ration
D:3:      layout_basic, grunt_temple_overflow_open
D:4:      layout_rooms, serial_shops, shop, patterned_corridor

Skill      XL: |  1  2  3  4  5 |
---------------+----------------+-----
Spellcasting   | 3 |  3.8
Dodging        | 2 |  2.7
Conjurations   | 2 |  2.2
Fighting       | 1 |  1.0
Stealth        | |  2.1
Fire Magic     | |  3.2

Action                   |  1- 3 |  4- 6 || total
-------------------------+-------+-------++-------
Melee: Unarmed           |     6 |       ||     6
       Club              |    54 |       ||    54
       Dagger            |    58 |    83 ||   141
 Cast: Foxfire           |    26 |    19 ||    45
 Stab: Sleeping          |       |     4 ||     4
  Eat: Chunk             |     2 |     3 ||     5
Armor: Robe              |    71 |    56 ||   127
Dodge: Dodged            |   101 |    74 ||   175

Table legend:
 A = Non-vault XP
 B = Vault XP
 C = Vault XP percentage of total XP
 D = Non-vault monster count
 E = Vault monster count
 F = Vault count percentage of total count
                 A         B        C        D         E       F
            +---------+---------+-------+---------+---------+-------
      Total |     252 |       0 |   0.0 |      76 |       0 |   0.0
            +---------+---------+-------+---------+---------+-------
        D:1 |      47 |       0 |   0.0 |      29 |       0 |   0.0
        D:2 |     112 |       0 |   0.0 |      28 |       0 |   0.0
        D:3 |      91 |       0 |   0.0 |      18 |       0 |   0.0
        D:4 |       2 |       0 |   0.0 |       1 |       0 |   0.0
            +---------+---------+-------+---------+---------+-------
